 Dungeon Crawl Stone Soup version 0.31-a0-965-g8a8ce12e04 (webtiles) character file.

Game seed: 16782208438421503822

214 strifetoe the Chopper (level 5, -1/44 HPs)
             Began as an Armataur Berserker on Oct 27, 2023.
             Was a Believer of Trog.
             Slain by a black bear (3 damage)
             ... on level 4 of the Dungeon.
             The game lasted 00:03:35 (2559 turns).

strifetoe the Chopper (Armataur Berserker)          Turns: 2559, Time: 00:03:36

Health: -1/44      AC:  4    Str: 25    XL:     5   Next: 60%
Magic:  5/5        EV:  9    Int:  7    God:    Trog [**....]
Gold:   54         SH:  0    Dex:  9    Spells: 4/4 levels left

rFire   . . .        a - +0 hand axe
rCold   . . .        (no shield)
rNeg    . . .        b - +0 animal skin
rPois   .            (no helmet)
rElec   .            (no cloak)
rCorr   .            (no gloves)
SInv    .            (no barding)
Will    .....        (no amulet)
Stlth   +            (no ring)
HPRegen 0.27/turn    (no ring)
MPRegen 0.09/turn

%: roll
@: no status effects
A: large, rugged brown scales 3, deformed body, armoured tail, roll, long
tongue, awkward tongue
a: Renounce Religion, Berserk, Trog's Hand


You were on level 4 of the Dungeon.
You worshipped Trog.
Trog was pleased with you.
You visited 1 branch of the dungeon, and saw 4 of its levels.

You collected 96 gold pieces.
You spent 42 gold pieces at shops.

Inventory:

Hand Weapons
 a - a +0 hand axe (weapon)
Armour
 b - a +0 animal skin (worn)
Scrolls
 c - a scroll of blinking
 f - 2 scrolls of teleportation
 i - a scroll of poison
Potions
 d - 2 potions of mutation
 g - a potion of curing
 h - a potion of lignification {unknown}
 j - a potion of enlightenment
 k - a potion of heal wounds {unknown}


   Skills:
 - Level 2.6 Fighting
 + Level 5.3 Axes
 - Level 2.4 Armour
 - Level 1.3 Dodging


You had 4 spell levels left.
You didn't know any spells.
Your spell library was empty.

Dungeon Overview and Level Annotations

Branches:
Dungeon (4/15)             Temple (0/1) D:4

Altars:
Ashenzari
Kikubaaqudgha
Makhleb

Shops:
D:1 :   D:2 !


Innate Abilities, Weirdness & Mutations

You are completely covered in rugged brown scales. (AC +3, +7% HP)
Armour fits poorly on your strangely shaped body.
You have a long armoured tail.
You roll when moving toward enemies. (Rampage)
Your long tongue fully drains potion bottles. (2x potion effects)
Your tongue gives you trouble enunciating. (1.5x scroll delay)


Message History

You slash the black bear!
The black bear is heavily wounded.
The black bear bites you. The black bear claws you. The black bear misses you.
You hit the black bear.
Your tail-slap misses the black bear.
The black bear is heavily wounded.
The black bear bites you but does no damage.
The black bear claws you.
The black bear claws you but does no damage.
You hit the black bear.
The black bear is severely wounded.
The black bear goes berserk!
You hit the black bear.
The black bear is almost dead.
The black bear bites you! The black bear completely misses you.
The black bear barely misses you.
The black bear bites you but does no damage.
The black bear claws you. x2
You are too injured to fight recklessly!
You are too injured to fight recklessly!
You are too injured to fight recklessly!
You are too injured to fight recklessly!
You are too injured to fight recklessly!
You are too injured to fight recklessly!
You are too injured to fight recklessly!
You are too injured to fight recklessly!
You are too injured to fight recklessly!
Unknown command.
You barely miss the black bear.
The black bear is almost dead.
The black bear barely misses you. The black bear claws you. x2
The black bear bites you!
* * * LOW HITPOINT WARNING * * *
The black bear closely misses you.
The black bear claws you but does no damage.
You hit the black bear.
The black bear is almost dead.
The black bear bites you.
* * * LOW HITPOINT WARNING * * *
The black bear claws you.
You die...

..... ... #.... ....
.##.... ... ...... ..#
#.... ####.#
..##...###....# #...
........#...##### ...
......h@........# ...
.....#..........# #..
##............### #..
#..$........##PPP## #..
#......#.....#P...P###.†
.............'..>.P#....
..........#..#P...P#....
##.##.##.....##PPP##....
.........#####.....


You could see a black bear (berserk).

Vanquished Creatures
  A vampire bat (D:3)
  A sleepcap (D:4)
  Jessica (D:2)
  4 adders
  A worm (D:2)
  A dart slug (D:2)
  3 ball pythons
  3 bat skeletons (D:3)
  2 bat zombies (D:3)
  3 endoplasms (D:1)
  7 giant cockroaches
  8 goblins
  7 hobgoblins
  8 jackals
  5 quokkas
  4 bats
  5 frilled lizards
  7 kobolds
  3 rats
74 creatures vanquished.

Notes
Turn   | Place    | Note
-------+----------+-------------------------------------------
     0 | D:1      | strifetoe the Armataur Berserker began the quest for the
                  | Orb.
     0 | D:1      | Reached XP level 1. HP: 19/19 MP: 1/1
    45 | D:1      | Found a faded altar of an unknown god.
   132 | D:1      | Reached XP level 2. HP: 26/26 MP: 2/2
   133 | D:1      | Reached skill level 3 in Axes
   274 | D:1      | Reached ** piety under Trog
   374 | D:1      | Reached XP level 3. HP: 32/32 MP: 3/3
   535 | D:1      | Found Feshroq's Vocational Training.
   707 | D:2      | Noticed Jessica
   719 | D:2      | Killed Jessica
   720 | D:2      | Reached skill level 4 in Axes
   720 | D:2      | Reached XP level 4. HP: 20/39 MP: 4/4
   895 | D:2      | Found Latitretz's Distillery.
  1005 | D:2      | Bought a potion of curing for 42 gold pieces
  1546 | D:3      | Found a burning altar of Makhleb.
  2155 | D:3      | Found an ancient bone altar of Kikubaaqudgha.
  2164 | D:3      | Reached skill level 5 in Axes
  2164 | D:3      | Reached XP level 5. HP: 44/44 MP: 5/5
  2233 | D:3      | Found a broken altar of Ashenzari.
  2544 | D:4      | Found a staircase to the Ecumenical Temple.
  2550 | D:4      | Noticed a black bear
  2559 | D:4      | HP: 2/44 [black bear (3)]
  2559 | D:4      | Slain by a black bear

Illustrated notes

Levels and vault maps discovered:
D:1:      lightli_arrival_lavapool, layout_loops_ring,
          shapermc_ecumenical_altar_totnotflames, nicolae_shop_vocational
D:2:      layout_rooms, serial_shops, nicolae_shop_industrial_runoff,
          serial_rivers, chequers_serial_rivers_micro_e,
          chequers_serial_rivers_large_a, chequers_serial_rivers_large_b,
          chequers_serial_rivers_micro_e, chequers_serial_rivers_marsh,
          uniq_jessica
D:3:      layout_basic, kennysheep_vampire_church, cheibrodos_ashenzari_chains,
          mainiacjoe_overflow_brackets
D:4:      layout_rooms, nicolae_overflow_hidden_temple,
          minmay_temple_entry_enclosed_plants, uniq_eustachio, uniq_sigmund

Skill      XL: |  1  2  3  4 |
---------------+-------------+-----
Axes           | 3 4 5 |  5.3
Fighting       | |  2.6
Armour         | |  2.4
Dodging        | |  1.3

Action                     |  1- 3 |  4- 6 || total
---------------------------+-------+-------++-------
  Melee: Hand axe          |    99 |   106 ||   205
         Tailslap          |     8 |     6 ||    14
         Punch             |     1 |     1 ||     2
 Invoke: Berserk           |     1 |     1 ||     2
    Use: Scroll            |       |     7 ||     7
   Stab: Sleeping          |       |     1 ||     1
 Armour: Animal skin       |    70 |   114 ||   184
  Dodge: Dodged            |    56 |    61 ||   117

Table legend: (Time is in decaauts)
 A = Elapsed time spent in this place.
 B = Non-inter-level travel time spent in this place.
 C = Inter-level travel time spent in this place.
 D = Time resting spent in this place.
 E = Time spent auto-exploring this place.
 F = Levels seen in this place.
 G = Mean time per level.
                   A        B        C        D        E       F      G
               +--------+--------+--------+--------+--------+-----+--------+
         Total |   2608 |   2560 |     48 |    232 |   1888 |   4 |  652.0 |
       Dungeon |   2608 |   2560 |     48 |    232 |   1888 |   4 |  652.0 |
               +--------+--------+--------+--------+--------+-----+--------+

Top non-repeatable levels by time:
     D:2: 889 daAuts
     D:3: 888 daAuts
     D:1: 670 daAuts
     D:4: 159 daAuts
